 Dungeon Crawl Stone Soup version 0.31-a0-277-g31ea1f65cc (webtiles) character file.

Game seed: 18215326803972547538

10593 senseless the Protected (level 11, -7/102 HPs)
             Began as a Minotaur Fighter on July 15, 2023.
             Was a Believer of the Shining One.
             Mangled by a three-headed hydra (13 damage)
             ... on level 10 of the Dungeon.
             The game lasted 00:23:07 (8507 turns).

senseless the Protected (Minotaur Fighter)          Turns: 8507, Time: 00:23:08

Health: -7/102     AC: 20    Str: 25    XL:     11   Next: 38%
Magic:  11/11      EV:  7    Int:  5    God:    the Shining One [**....]
Gold:   410        SH: 18    Dex: 10    Spells: 10/10 levels left

rFire   . . .        f - +1 scimitar (flame)
rCold   . . .        x - +2 kite shield
rNeg    + . .        D - +0 plate armour
rPois   +            (helmet restricted)
rElec   .            t - +0 cloak
rCorr   .            (no gloves)
SInv    .            (no boots)
Will    .....        A - amulet of reflection Stlth
                     e - ring of poison resistance
HPRegen 0.37/turn    c - +4 ring of protection
MPRegen 0.12/turn

%: reflection
@: about to teleport, hasted, glowing, very quick
A: horns 2, retaliatory headbutt
a: Renounce Religion, Divine Shield


You were on level 10 of the Dungeon.
You worshipped the Shining One.
The Shining One was pleased with you.
You visited 2 branches of the dungeon, and saw 11 of its levels.

You collected 410 gold pieces.

Inventory:

Hand Weapons
 a - a +1 war axe
 f - a +1 scimitar of flaming (weapon)
 u - a +3 battleaxe of freezing
Missiles
 s - 3 javelins
 y - 5 silver javelins
Armour
 t - a +0 cloak (worn)
 x - a +2 kite shield (worn)
 D - a +0 plate armour (worn)
Jewellery
 b - an amulet of guardian spirit
 c - a +4 ring of protection (right hand)
 e - a ring of poison resistance (left hand)
 g - an amulet of faith
 n - a ring of flight
 v - a ring of see invisible
 A - an amulet of reflection (around neck)
Wands
 d - a wand of polymorph (12)
 j - a wand of paralysis (4)
 r - a wand of flame (24) (quivered)
 C - a wand of acid (9)
Scrolls
 i - 4 scrolls of teleportation
 k - 7 scrolls of revelation
 m - 2 scrolls of amnesia
 q - 3 scrolls of blinking
 E - 2 scrolls of identify
Potions
 h - 3 potions of brilliance
 l - 3 potions of curing
 o - a potion of enlightenment
 p - a potion of magic
 w - 2 potions of mutation
 z - 2 potions of lignification
 B - a potion of attraction


   Skills:
 + Level 11.2 Fighting
 + Level 10.8 Axes
 + Level 2.5 Throwing
 + Level 11.2 Armour
 + Level 11.2 Shields
 + Level 2.3 Invocations


You had 10 spell levels left.
You didn't know any spells.
Your spell library contained the following spells:

 Spells                   Type           Power      Damage    Failure   Level
 Wereblood                Tmut           0%         N/A       100%        2
 Dazzling Flash           Conj/Hex       0%         N/A       100%        3
 Gell's Gravitas          Tloc           0%         N/A       100%        3
 Inner Flame              Hex/Fire       0%         N/A       100%        3
 Teleport Other           Tloc           0%         N/A       100%        3
 Vhi's Electric Charge    Tloc/Air       0%         N/A       100%        3
 Volatile Blastmotes      Fire/Tloc      0%         2d10      100%        3
 Arcjolt                  Conj/Air       0%         1d10      100%        5
 Irradiate                Conj/Tmut      0%         3d11      100%        5
 Yara's Violent Unravell  Hex/Tmut       0%         3d3       100%        5
 Dispersal                Tloc           0%         N/A       100%        6
 Plasma Beam              Fire/Air       0%         2x1d10    100%        6
 Starburst                Conj/Fire      0%         6d3       100%        6
 Enfeeble                 Hex            0%         N/A       100%        7
 Maxwell's Capacitive Co  Air            0%         ∞         100%        8


Dungeon Overview and Level Annotations

Branches:
Dungeon (10/15)            Temple (1/1) D:5            Lair (0/5) D:10
    Orc (0/2) D:10

Altars:
Ashenzari
Cheibriados
Dithmenos
Elyvilon
Fedhas
Gozag
Hepliaklqana
Kikubaaqudgha
Makhleb
Nemelex Xobeh
Okawaru
Qazlal
Ru
Sif Muna
Trog
Uskayaw
Vehumet
Wu Jian
Xom
Yredelemnul
Zin
The Shining One

Portals:
Abyss: D:4


Innate Abilities, Weirdness & Mutations

You have a pair of horns on your head.
You reflexively headbutt those who attack you in melee.


Message History

You block the six-headed hydra's attack. x2
The six-headed hydra bites you.
* * * LOW HITPOINT WARNING * * *
You block the six-headed hydra's attack.
The six-headed hydra bites you but does no damage.
You block the six-headed hydra's attack.
You lop one of the six-headed hydra's heads off!
The flame cauterises the wound!
You hit the five-headed hydra. You burn the five-headed hydra.
The five-headed hydra is heavily wounded.
The five-headed hydra bites you but does no damage.
You block the five-headed hydra's attack.
The five-headed hydra completely misses you.
The five-headed hydra bites you but does no damage.
You block the five-headed hydra's attack.
You chop one of the five-headed hydra's heads off!
The flame cauterises the wound!
You slash the four-headed hydra! You burn the four-headed hydra.
The four-headed hydra is severely wounded.
The four-headed hydra bites you but does no damage.
You block the four-headed hydra's attack.
The four-headed hydra bites you but does no damage. x2
You chop one of the four-headed hydra's heads off!
The flame cauterises the wound!
You hit the three-headed hydra. You burn the three-headed hydra.
You headbutt the three-headed hydra, but do no damage.
The three-headed hydra is severely wounded.
The three-headed hydra bites you but does no damage.
You block the three-headed hydra's attack.
The three-headed hydra bites you!
* * * LOW HITPOINT WARNING * * *
You hit the three-headed hydra. You burn the three-headed hydra.
The three-headed hydra is severely wounded.
The three-headed hydra bites you but does no damage. x2
The three-headed hydra bites you.
* * * LOW HITPOINT WARNING * * *
Unknown command.
As you read the scroll of teleportation, it crumbles to dust.
You feel strangely unstable. The three-headed hydra bites you!
You die...

############
###..........#
.......#.>...# ####
#....#@....# #.(.
#D#....# ##.##
#y#....# #..#
#C##...###### #.##
Kl.#........###.#
T#y##.#####.....###
Yy yu#..# ##.......
y# #.##.##
##.###### .. ..#..#
#..# #


You could see a three-headed hydra, a cyclops, a yak, a troll, a basilisk, 2
vampire mosquitoes, a kobold brigand and a killer bee.

Vanquished Creatures
  A hydra (D:10)
  A boulder beetle (shapeshifter) (D:10)
  An ugly thing (D:10)
  2 hornets
  A troll (D:8)
  Grinder (D:5)
  A wyvern (D:9)
  A wraith (D:7)
  11 yaks
  The ghost of t4s4d4r the Chopper, an amateur FoFi (D:4)
  A steam dragon (D:7)
  Grum (D:9)
  2 wargs (D:10)
  An acid dragon (D:10)
  5 water moccasins
  3 orc warriors
  5 black bears
  An ogre (D:4)
  3 wolves (D:9)
  4 centaurs
  2 phantoms
  2 kobold brigands
  9 bullfrogs
  Blork the orc (D:5)
  3 scorpions
  4 wights (D:7)
  14 killer bees
  4 howler monkeys
  A crimson imp (D:4)
  A small abomination (D:4)
  A jelly (D:5)
  3 hounds
  3 sleepcaps
  Crazy Yiuf (D:3)
  3 gnoll boudas
  2 orc priests (D:8)
  2 iguanas
  10 orc wizards
  Terence (D:3)
  6 adders
  18 gnolls
  2 shadow imps
  2 white imps
  2 ufetubi
  A worm (D:2)
  3 dart slugs
  25 orcs
  5 ball pythons
  5 bats
  7 endoplasms
  6 giant cockroaches
  6 goblins
  4 hobgoblins
  6 jackals
  8 kobolds
  A quokka (D:1)
  A frilled lizard (D:1)
  4 rats
226 creatures vanquished.

Vanquished Creatures (others)
  Erica (D:10)
1 creature vanquished.

Grand Total: 227 creatures vanquished

Notes
Turn   | Place    | Note
-------+----------+-------------------------------------------
     0 | D:1      | senseless the Minotaur Fighter began the quest for the Orb.
     0 | D:1      | Reached XP level 1. HP: 19/19 MP: 0/0
   130 | D:1      | Found a faded altar of an unknown god.
   146 | D:1      | Reached XP level 2. HP: 25/27 MP: 1/1
   531 | D:2      | Reached XP level 3. HP: 33/33 MP: 2/2
   892 | D:3      | Identified the +0 ring mail "Ecuodeen" {rN++ Str+5 Dex-3}
   953 | D:3      | Found an opulent altar of Gozag.
  1112 | D:3      | Found a stormy altar of Qazlal.
  1159 | D:3      | Reached XP level 4. HP: 40/40 MP: 3/3
  1474 | D:3      | Found a runed translucent door.
  1475 | D:3      | Noticed Crazy Yiuf
  1480 | D:3      | Killed Crazy Yiuf
  1486 | D:3      | Identified the +3 hammer "Wagur" {vamp, Str+3}
  1662 | D:3      | Found a hide-covered altar of Uskayaw.
  1705 | D:3      | Found a sparkling altar of Nemelex Xobeh.
  1763 | D:3      | Noticed Terence
  1770 | D:3      | Killed Terence
  1791 | D:3      | Found a burning altar of Makhleb.
  1967 | D:4      | Reached XP level 5. HP: 47/47 MP: 4/4
  2003 | D:4      | Found a transporter.
  2009 | D:4      | Found a transporter.
  2088 | D:4      | Noticed an ogre
  2094 | D:4      | Killed an ogre
  2095 | D:4      | Reached skill level 5 in Fighting
  2095 | D:4      | Reached skill level 5 in Armour
  2095 | D:4      | Reached skill level 5 in Shields
  2099 | D:4      | Reached XP level 6. HP: 22/56 MP: 1/5
  2293 | D:4      | Found a blossoming altar of Fedhas.
  2378 | D:4      | Found a one-way gate to the infinite horrors of the Abyss.
  2567 | D:4      | Found a shimmering altar of Xom.
  2881 | D:4      | Noticed t4s4d4r's ghost (amateur FoFi)
  3037 | D:4      | Killed t4s4d4r's ghost
  3038 | D:4      | Reached skill level 5 in Axes
  3038 | D:4      | Reached XP level 7. HP: 14/62 MP: 6/6
  3317 | D:5      | Entered Level 5 of the Dungeon
  3430 | D:5      | Found a staircase to the Ecumenical Temple.
  3434 | Temple   | Entered the Ecumenical Temple
  3597 | D:5      | Noticed Grinder
  3598 | D:5      | Found a glowing silver altar of Zin.
  3617 | D:5      | Paralysed by Grinder for 5 turns
  3624 | D:5      | Killed Grinder
  3709 | D:5      | Reached XP level 8. HP: 70/71 MP: 7/7
  3712 | D:5      | Noticed Blork the orc
  3721 | D:5      | Killed Blork the orc
  3970 | D:5      | Found a glowing golden altar of the Shining One.
  3976 | D:5      | Became a worshipper of the Shining One
  4786 | D:6      | Found a bloodstained altar of Trog.
  4853 | D:6      | Found a snail-covered altar of Cheibriados.
  4880 | D:6      | Found a sacrificial altar of Ru.
  5020 | D:6      | Found a shimmering blue altar of Sif Muna.
  5372 | D:7      | Reached XP level 9. HP: 76/81 MP: 8/8
  5377 | D:7      | Reached * piety under the Shining One
  6447 | D:8      | Noticed a troll
  6458 | D:8      | Killed a troll
  6691 | D:8      | Found an iron altar of Okawaru.
  6849 | D:8      | Reached XP level 10. HP: 67/91 MP: 9/9
  7339 | D:9      | Noticed Grum
  7352 | D:9      | Killed Grum
  7432 | D:9      | Reached ** piety under the Shining One
  7445 | D:9      | Reached skill level 10 in Fighting
  7445 | D:9      | Reached skill level 10 in Armour
  7445 | D:9      | Reached skill level 10 in Shields
  7640 | D:9      | Reached skill level 10 in Axes
  8025 | D:10     | Entered Level 10 of the Dungeon
  8098 | D:10     | Found a staircase to the Orcish Mines.
  8286 | D:10     | Noticed Erica
  8290 | D:10     | Killed Erica
  8291 | D:10     | Reached XP level 11. HP: 101/101 MP: 10/10
  8323 | D:10     | Reached skill level 1 in Throwing
  8329 | D:10     | Reached skill level 1 in Invocations
  8337 | D:10     | Found a staircase to the Lair.
  8448 | D:10     | Noticed a skyshark
  8451 | D:10     | Noticed a seven-headed hydra
  8453 | D:10     | a skyshark changed into a deep troll
  8453 | D:10     | Noticed a deep troll (shapeshifter)
  8457 | D:10     | a deep troll changed into an anaconda
  8457 | D:10     | Noticed an anaconda (shapeshifter)
  8461 | D:10     | an anaconda changed into a boulder beetle
  8461 | D:10     | Noticed a boulder beetle (shapeshifter)
  8462 | D:10     | Noticed a purple ugly thing
  8477 | D:10     | Killed a boulder beetle
  8481 | D:10     | Noticed an eight-headed hydra
  8483 | D:10     | Killed a two-headed hydra
  8499 | D:10     | Killed a purple ugly thing
  8507 | D:10     | Mangled by a three-headed hydra

Illustrated notes

Levels and vault maps discovered:
D:1:      dpeg_arrival_tiny_a, layout_rooms, nicolae_ecumenical_lake_church
D:2:      layout_basic
D:3:      layout_basic, old_standard_altar, lightli_temple_of_fire,
          nemelex_xobeh_ov_fountains_minmay, mainiacjoe_overflow_boulevard,
          nicolae_gozag_cash_rules_everything_around_me,
          chequers_serial_rivers_micro_e, uniq_terence, uniq_crazy_yiuf_cottage
D:4:      layout_gridville, fedhas_altar_fruit_tree,
          nicolae_overflow_crystal_walls, gammafunk_ghost_abyssal_escape,
          minmay_misc_feat_x, small_statue_intersection
D:5:      layout_loops_ring, mainiacjoe_overflow_concentric_impassable,
          kennysheep_mini, temple_statues, uniq_blork_the_orc, uniq_grinder
D:6:      layout_loops_ring, mainiacjoe_overflow_small_starburst,
          nicolae_sif_muna_little_library, mainiacjoe_overflow_brackets,
          kennysheep_slug_shrine
D:7:      layout_loops_corners
D:8:      layout_cave_pools, okawaru_metal_pillars_1_2
D:9:      layout_cave_pools, uniq_grum
D:10:     minmay_the_grid_four_pointed_star_mashed
          [minmay_the_grid_triangle_9x9_descending_squares,
          minmay_the_grid_triangle_9x9_cache,
          minmay_the_grid_triangle_9x9_zippers_vertical,
          minmay_the_grid_triangle_9x9_skeleton,
          minmay_the_grid_prize_trominoes], layout_rooms,
          due_lair_maze_entry_diamond, minmay_orc_entry_guard_dogs, uniq_psyche,
          uniq_erica
Temple:   nicolae_temple_ecumenical_triangle

Skill      XL: |  1  2  3  4  5  6  7  8  9 10 11 |
---------------+----------------------------------+-----
Fighting       | 4 5 6 7 9 10 11 | 11.2
Axes           | 3 4 5 6 7 9 10 | 10.8
Armour         | 4 5 6 7 9 10 11 | 11.2
Shields        | 4 5 6 7 9 10 11 | 11.2
Throwing       | 2 |  2.5
Invocations    | 2 |  2.3

Action                     |  1- 3 |  4- 6 |  7- 9 | 10-12 || total
---------------------------+-------+-------+-------+-------++-------
  Melee: War axe           |    68 |   102 |   242 |   168 ||   580
         Headbutt          |     9 |    15 |    47 |    42 ||   113
         Unarmed           |       |       |     3 |       ||     3
         Scimitar          |       |       |       |    16 ||    16
    Use: Scroll            |       |       |    18 |     2 ||    20
         Potion            |       |       |     3 |     2 ||     5
 Armour: Chain mail        |    37 |    31 |   104 |     2 ||   174
         Scale mail        |     2 |       |       |       ||     2
         Plate armour      |       |       |       |   121 ||   121
  Dodge: Dodged            |    24 |    27 |    70 |    48 ||   169
  Block: Buckler           |    15 |     4 |       |       ||    19
         Kite shield       |       |    47 |   248 |   224 ||   519
         Reflection        |       |       |    17 |     8 ||    25

Table legend: (Time is in decaauts)
 A = Elapsed time spent in this place.
 B = Non-inter-level travel time spent in this place.
 C = Inter-level travel time spent in this place.
 D = Time resting spent in this place.
 E = Time spent auto-exploring this place.
 F = Levels seen in this place.
 G = Mean time per level.
                   A        B        C        D        E       F      G
               +--------+--------+--------+--------+--------+-----+--------+
         Total |   8639 |   8170 |    469 |     34 |   6578 |  11 |  785.4 |
       Dungeon |   8594 |   8134 |    460 |     34 |   6548 |  10 |  859.4 |
        Temple |     44 |     35 |      9 |      0 |     30 |   1 |   44.0 |
               +--------+--------+--------+--------+--------+-----+--------+

Top non-repeatable levels by time:
     D:4: 1483 daAuts
     D:5: 1209 daAuts
     D:3: 1105 daAuts
     D:7: 1039 daAuts
     D:8: 862 daAuts
     D:9: 787 daAuts
     D:6: 721 daAuts
    D:10: 486 daAuts
     D:1: 456 daAuts
     D:2: 441 daAuts
  Temple: 44 daAuts
